 Dungeon Crawl Stone Soup version 0.31-a0-968-g24f9ace8b5 (webtiles) character file.

Game seed: 6379076798255380039

12 Sabo the Ducker (level 2, 0/22 HPs)
             Began as a Demonspawn Gladiator on Oct 28, 2023.
             Slain by a giant cockroach (2 damage)
             ... on level 1 of the Dungeon.
             The game lasted 00:01:34 (269 turns).

Sabo the Ducker (Demonspawn Gladiator)               Turns: 269, Time: 00:01:34

Health: 0/22       AC:  3    Str: 14    XL:     2   Next: 20%
Magic:  2/2        EV: 12    Int:  9    God:
Gold:   0          SH:  0    Dex: 14    Spells: 1/1 levels left

rFire   . . .        a - +0 war axe
rCold   . . .        (no shield)
rNeg    . . .        b - +0 leather armour
rPois   .            (helmet restricted)
rElec   .            (no cloak)
rCorr   .            (no gloves)
SInv    .            (no boots)
Will    .....        (no amulet)
Stlth   +            (no ring)
HPRegen 0.23/turn    (no ring)
MPRegen 0.08/turn

%: no passive effects
@: no status effects
A: antennae 1
a: no special abilities


You were on level 1 of the Dungeon.
You visited 1 branch of the dungeon, and saw 1 of its levels.

Inventory:

Hand Weapons
 a - a +0 war axe (weapon)
Missiles
 d - 3 throwing nets (quivered)
 e - a javelin
 f - 3 datura-tipped darts
Armour
 b - a +0 leather armour (worn)
 c - a +0 helmet


   Skills:
 + Level 2.3 Fighting
 + Level 2.8 Axes
 + Level 1.8 Throwing
 + Level 0.1 Armour
 + Level 2.9 Dodging


You had one spell level left.
You didn't know any spells.
Your spell library was empty.

Dungeon Overview and Level Annotations

Branches:
Dungeon (1/15)

Altars:

Shops:
D:1 =


Innate Abilities, Weirdness & Mutations

You have a pair of small antennae on your head.


Message History

Your +0 helmet falls away!
You closely miss the jackal.
You feel sick. The jackal misses you.
The jackal bites you but does no damage.
You slash the jackal!
You kill the jackal!
You barely miss the jackal. x2; You feel sick.
The jackal bites you. x2
The giant cockroach closely misses you. The jackal barely misses you.
You closely miss the giant cockroach. You hit the jackal. x2
You kill the jackal!
You feel sick.
The jackal bites you but does no damage.
The giant cockroach misses you.
You closely miss the giant cockroach. You hit the jackal.
You feel sick.
The jackal bites you but does no damage.
The giant cockroach closely misses you. The jackal closely misses you.
The giant cockroach misses you. The hobgoblin hits you.
* * * LOW HITPOINT WARNING * * *
Unknown command.
You closely miss the hobgoblin. You barely miss the giant cockroach.
You barely miss the jackal.
You feel sick.
You are no longer poisoned.
The jackal bites you.
* * * LOW HITPOINT WARNING * * *
The giant cockroach closely misses you.
The jackal bites you but does no damage.
The hobgoblin hits you but does no damage.
You barely miss the hobgoblin. You slash the jackal!
You kill the jackal!
You hit the giant cockroach but do no damage.
The giant cockroach bites you but does no damage.
The hobgoblin hits you but does no damage.
The giant cockroach bites you but does no damage.
You hit the hobgoblin but do no damage. You barely miss the giant cockroach.
The hobgoblin closely misses you. The giant cockroach barely misses you.
The hobgoblin closely misses you.
The giant cockroach bites you but does no damage.
You slash the hobgoblin!
You kill the hobgoblin!
You hit the giant cockroach. The giant cockroach bites you.
You die...

#.# #.# #.###
#...#
###.#########
#........∩.#
#..........#
#..........#
..!....§......†@#
..≈.≈.≈§§.≈.≈.†B#
...§............#
≈.§§§.≈.≈.§.≈.≈.#
.§.§......§§....#
≈§§§≈.≈.§.§§≈.§.#
...§.....§§§.$..#
≈.≈.§.§.#


You could see a giant cockroach.

Vanquished Creatures
  3 ball pythons (D:1)
  A bat (D:1)
  An endoplasm (D:1)
  A goblin (D:1)
  A hobgoblin (D:1)
  3 jackals (D:1)
10 creatures vanquished.

Notes
Turn   | Place    | Note
-------+----------+-------------------------------------------
     0 | D:1      | Sabo the Demonspawn Gladiator began the quest for the Orb.
     0 | D:1      | Reached XP level 1. HP: 16/16 MP: 1/1
   245 | D:1      | Found Cigood's Jewellery Shoppe.
   262 | D:1      | Discovered your monstrous ancestry.
   262 | D:1      | Gained mutation: You have a pair of small antennae on your
                  | head. [demonic ancestry]
   262 | D:1      | Reached XP level 2. HP: 14/22 MP: 2/2
   266 | D:1      | HP: 1/22 [jackal (2)]
   269 | D:1      | Slain by a giant cockroach

Illustrated notes

Levels and vault maps discovered:
D:1:      minmay_arrival_pointy, layout_rooms, serial_shops, shop,
          kennysheep_crisscross

Action                     || total
---------------------------++-------
  Melee: War axe           ||    21
 Armour: Leather armour    ||    24
  Dodge: Dodged            ||    19

Table legend: (Time is in decaauts)
 A = Elapsed time spent in this place.
 B = Non-inter-level travel time spent in this place.
 C = Inter-level travel time spent in this place.
 D = Time resting spent in this place.
 E = Time spent auto-exploring this place.
 F = Levels seen in this place.
 G = Mean time per level.
                   A        B        C        D        E       F      G
               +--------+--------+--------+--------+--------+-----+--------+
         Total |    276 |    276 |      0 |     21 |      0 |   1 |  276.0 |
       Dungeon |    276 |    276 |      0 |     21 |      0 |   1 |  276.0 |
               +--------+--------+--------+--------+--------+-----+--------+

Top non-repeatable levels by time:
     D:1: 276 daAuts
